[Event "Titled Tuesday Blitz January 03 Early 2023"]
[White "Ardila, Oscar Humberto"]
[Black "Novikova, Galina"]
[WhiteFideId "4404742"]
[BlackFideId "4157095"]
[WhiteElo "1982"]
[BlackElo "2073"]
[Result "0-1"]
[Round "07"]
[TimeControl "180+2"]
[Date "2023.01.03"]
[WhiteClock "0:00:09"]
[BlackClock "0:00:24"]

1. d4 e6 2. c4 f5 3. Nc3 Nf6 4. Nf3 Be7 5. Bg5 O-O 6. e3 d6 7. Be2 Nc6 8. O-O e5 9. d5 Nb8 10. b4 a5 11. a3 Qe8 12. Qc2 Qg6 13. Bh4 h6 14. c5 axb4 15. axb4 Rxa1 16. Rxa1 Na6 17. Bxa6 bxa6 18. c6 Qg4 19. Bxf6 Rxf6 20. b5 Rg6 21. Ne1 axb5 22. Ra8 f4 23. exf4 Kh7 24. fxe5 Bf5 25. Qe2 Qb4 26. Nxb5 Be4 27. exd6 Bxd6 28. Nxd6 Rxd6 29. f3 Bg6 30. Qd1 Qc5+ 31. Kh1 Rxd5 32. Qa1 Rd2 33. Ra2 Qf2 34. Rxd2 Qf1# 0-1


[Site "https://www.chess.com"]

[Event "Titled Tuesday Blitz January 03 Early 2023"]
[White "Sailer, Mike"]
[Black "Miszler, Levente"]
[WhiteFideId "2012901"]
[BlackFideId "763276"]
[WhiteElo "2109"]
[BlackElo "2271"]
[Result "0-1"]
[Round "07"]
[TimeControl "180+2"]
[Date "2023.01.03"]
[WhiteClock "0:00:20"]
[BlackClock "0:01:04"]

1. d4 Nf6 2. Bf4 h6 3. h3 g5 4. Bh2 Bg7 5. e3 d6 6. c4 Nbd7 7. Nc3 e5 8. Bd3 O-O 9. Nge2 Re8 10. O-O c6 11. Ng3 Nf8 12. Nf5 e4 13. Nxg7 Kxg7 14. Be2 Ng6 15. b4 Nh4 16. c5 d5 17. b5 Qd7 18. a4 Nxg2 19. Kxg2 Qxh3+ 20. Kh1 Ng4 21. Bxg4 Bxg4 22. f3 exf3 23. Rf2 Rxe3 24. Rc1 Rae8 25. Qf1 Qh4 26. bxc6 bxc6 27. Qg1 Bh3 28. Be5+ R8xe5 29. Qh2 Bg2+ 30. Rxg2 fxg2+ 31. Kxg2 Re2+ 0-1


[Site "https://www.chess.com"]

[Event "Titled Tuesday Blitz January 03 Early 2023"]
[White "Forgacs, Attila Jr."]
[Black "Klinova, Masha"]
[WhiteFideId "773654"]
[BlackFideId "2802015"]
[WhiteElo "2264"]
[BlackElo "2250"]
[Result "1/2-1/2"]
[Round "07"]
[TimeControl "180+2"]
[Date "2023.01.03"]
[WhiteClock "0:00:11"]
[BlackClock "0:00:22"]

1. e4 d6 2. d4 Nf6 3. Nc3 g6 4. f4 Bg7 5. Bd3 O-O 6. Nf3 Nc6 7. e5 dxe5 8. fxe5 Nd5 9. Ne4 Bg4 10. c3 f6 11. exf6 exf6 12. O-O Nce7 13. h3 Bc8 14. Nc5 b6 15. Nb3 Nf5 16. Bc4 Kh8 17. Qd3 Bb7 18. Bd2 Qd7 19. Rae1 Rae8 20. Nc1 Qd6 21. Rxe8 Rxe8 22. Re1 Rxe1+ 23. Bxe1 Nfe3 24. Bxd5 Nxd5 25. Qe2 Qe7 26. Qxe7 Nxe7 27. Nd3 h5 28. Bg3 c6 29. Kf2 Nd5 30. Bb8 a5 31. c4 Ne7 32. Bc7 b5 33. cxb5 cxb5 34. Bxa5 Nc6 35. Bb6 Ne7 36. b3 Nd5 37. Bc5 g5 38. a4 bxa4 39. bxa4 g4 40. Nh4 Bh6 41. Nf5 Bd2 42. hxg4 hxg4 43. Nd6 Bc6 44. Nc4 Bc3 45. a5 Bb5 46. Ncb2 Bxa5 47. Ne1 Kg7 48. Nbd3 Kg6 49. Nc1 Kf5 50. Ne2 Ke4 51. Ng3+ Kf4 52. Ne2+ Kg5 53. g3 Bd2 54. Ng2 Nc3 55. Nxc3 Bxc3 56. d5 Kf5 57. d6 Ke6 58. Nf4+ Kd7 59. Nd5 Be5 60. Nb6+ Ke6 61. Nc8 Bd7 62. Ne7 Bxd6 63. Bxd6 Kxd6 64. Ng6 Ke6 65. Nf4+ Kf5 66. Ke3 Bc6 67. Ne2 Bf3 68. Nf4 Ke5 69. Ng6+ Kf5 70. Nf4 Ke5 71. Ng6+ Kf5 72. Nf4 1/2-1/2


[Site "https://www.chess.com"]

[Event "Titled Tuesday Blitz January 03 Early 2023"]
[White "Topalov, Aleksandar"]
[Black "Fabris, Alberto"]
[WhiteFideId "925659"]
[BlackFideId "801348"]
[WhiteElo "2233"]
[BlackElo "2230"]
[Result "1-0"]
[Round "07"]
[TimeControl "180+2"]
[Date "2023.01.03"]
[WhiteClock "0:00:06"]
[BlackClock "0:00:10"]

1. b3 e5 2. Bb2 Nc6 3. c4 Nf6 4. e3 d5 5. cxd5 Nxd5 6. a3 Bd6 7. Qc2 O-O 8. Nf3 Re8 9. d3 Bg4 10. Nbd2 Qe7 11. g3 Rad8 12. Bg2 Ndb4 13. axb4 Nxb4 14. Qc3 Bc5 15. O-O Nxd3 16. Nc4 f6 17. h3 Bh5 18. g4 Bg6 19. Nh4 Bb4 20. Nxg6 hxg6 21. Qc2 Qc5 22. Be4 Nxb2 23. Qxb2 b5 24. Na5 Bc3 25. Qc1 Qb4 26. Nc6 Qxe4 27. Qxc3 Rd6 28. Nxa7 Qf3 29. Kh2 f5 30. Nxb5 fxg4 31. Qc4+ Kf8 32. Qxg4 Qxg4 33. hxg4 Rb6 34. Nxc7 Rc8 35. Rac1 Kf7 36. Nd5 Rh8+ 37. Kg2 Rxb3 38. Rc7+ Ke6 39. e4 Rg8 40. Re7+ Kd6 41. Rd1 Kc5 42. Rc7+ Kb5 43. Rb7+ Kc4 44. Rc1+ Kd4 45. Rxb3 Kxe4 46. Ne7 Re8 47. Rc4# 1-0


[Site "https://www.chess.com"]

[Event "Titled Tuesday Blitz January 03 Early 2023"]
[White "Cardozo Munar, Carlos Eduardo"]
[Black "aidenzhouu"]
[WhiteFideId "4409477"]
[WhiteElo "2043"]
[BlackElo "2382"]
[Result "0-1"]
[Round "07"]
[TimeControl "180+2"]
[Date "2023.01.03"]
[WhiteClock "0:00:41"]
[BlackClock "0:00:34"]

1. e4 c6 2. d4 d5 3. exd5 cxd5 4. Bd3 Nf6 5. c3 g6 6. Bg5 Bg7 7. Nd2 Nc6 8. Qb3 O-O 9. Ngf3 Qc7 10. h3 Bf5 11. Bxf5 gxf5 12. O-O Ne4 13. Qxd5 e6 14. Qc4 Nxg5 15. Nxg5 Qf4 16. Ngf3 Rac8 17. Qe2 Bh6 18. Rfe1 Qd6 19. Nf1 Kh8 20. Ne5 Ne7 21. Rad1 Nd5 22. Qh5 Kg7 23. Rd3 Bf4 24. Rf3 b5 25. h4 Nf6 26. Qg5+ Bxg5 27. hxg5 Nd7 28. Nd3 a5 29. Ne3 b4 30. Rxf5 bxc3 31. Rxa5 Qxd4 32. Rd5 Qxd5 33. Nxd5 exd5 34. bxc3 Rxc3 35. Nf4 d4 36. Re7 Nc5 37. Rc7 d3 38. Nxd3 Rxd3 39. Rxc5 Ra8 40. Rc2 Rda3 41. f4 Rxa2 42. Rc7 R2a5 43. Kh2 Rf5 44. g3 Kg6 45. Kh3 Rfa5 46. Kg4 Ra4 47. Rc6+ Kg7 48. Rc7 R8a7 49. Rc6 R4a6 50. Rc5 Rd7 51. Kh5 Rd3 52. Kg4 Raa3 53. Rc7 Rxg3+ 54. Kh4 Rh3+ 55. Kg4 h5+ 56. gxh6+ Rxh6 57. Kf5 Rf6+ 58. Kg5 Ra5+ 59. Kg4 Raf5 60. Rc4 Kg6 61. Ra4 Rxf4+ 62. Rxf4 Rxf4+ 63. Kxf4 Kf6 64. Kg4 Ke5 65. Kg3 Ke4 66. Kg4 f5+ 67. Kg3 Ke3 68. Kg2 f4 69. Kf1 Kf3 70. Ke1 Kg2 71. Ke2 f3+ 72. Kd3 f2 73. Ke4 f1=Q 74. Kd4 Qe2 75. Kd5 Qe3 76. Kd6 Qe4 77. Kc5 Qd3 78. Kc6 Qd4 79. Kb5 Qc3 80. Kb6 Qc4 81. Ka5 Qb3 82. Ka6 Kf3 83. Ka7 Ke4 84. Ka6 Kd5 85. Ka5 Kc6 86. Ka6 Qb6# 0-1


[Site "https://www.chess.com"]

[Event "Titled Tuesday Blitz January 03 Early 2023"]
[White "Mohammadian, Mohammad"]
[Black "Melikhov, Evgeny V."]
[WhiteFideId "12566055"]
[BlackFideId "4122046"]
[WhiteElo "1398"]
[BlackElo "2269"]
[Result "0-1"]
[Round "07"]
[TimeControl "180+2"]
[Date "2023.01.03"]
[WhiteClock "0:00:03"]
[BlackClock "0:00:48"]

1. e4 c5 2. Nf3 d6 3. d4 cxd4 4. Ne5 dxe5 5. f4 Nc6 6. fxe5 Nxe5 7. Bf4 Nc6 8. Bd3 e5 9. Bg3 Nf6 10. a3 Ng4 11. Qe2 Ne3 12. Rg1 Be7 13. Nd2 O-O 14. Nf3 Qa5+ 15. Qd2 Qxd2+ 16. Kxd2 f6 17. b4 a6 18. Rac1 Bg4 19. c4 Nxg2 20. Rxg2 Bxf3 21. Rf2 Bg4 22. c5 Be6 23. Rcf1 Rfc8 24. h4 a5 25. b5 Nd8 26. c6 bxc6 27. bxc6 Rxc6 28. Bb5 Rb6 29. a4 Rc8 30. h5 h6 31. Bh4 Nf7 32. Rg2 Ng5 33. Bxg5 hxg5 34. Rh2 Kh7 35. Rfh1 Bb4+ 36. Kd1 Bb3+ 37. Ke2 Bc4+ 38. Bxc4 Rxc4 39. h6 g6 40. Kd3 Rc3+ 41. Ke2 Rc2+ 42. Kf3 Rbc6 43. Kg4 Rxh2 44. Rxh2 d3 45. Rf2 d2 46. Rf1 Rc1 0-1


[Site "https://www.chess.com"]

[Event "Titled Tuesday Blitz January 03 Early 2023"]
[White "Aung Thant Zin"]
[Black "Silva Lucena, Cristian"]
[WhiteFideId "13000063"]
[BlackFideId "2232588"]
[WhiteElo "2268"]
[BlackElo "2285"]
[Result "1-0"]
[Round "07"]
[TimeControl "180+2"]
[Date "2023.01.03"]
[WhiteClock "0:01:28"]
[BlackClock "0:01:25"]

1. e4 c5 2. Nf3 d6 3. d4 cxd4 4. Nxd4 Nf6 5. Nc3 a6 6. g3 e6 7. Bg2 Be7 8. O-O O-O 9. Re1 Nc6 10. Be3 Bd7 11. Qd2 Ne5 12. b3 Rc8 13. Rac1 d5 14. exd5 Bb4 15. Nde2 exd5 16. Bd4 Re8 17. Nf4 Ne4 18. Bxe4 dxe4 19. Bxe5 Rxe5 20. Red1 Re7 21. Nfd5 Bxc3 22. Nxe7+ Qxe7 23. Qxd7 1-0


[Site "https://www.chess.com"]

[Event "Titled Tuesday Blitz January 03 Early 2023"]
[White "Wilson, Elvin"]
[Black "Liu, Kelsey"]
[WhiteFideId "2014874"]
[BlackFideId "30944481"]
[WhiteElo "2183"]
[BlackElo "2065"]
[Result "0-1"]
[Round "07"]
[TimeControl "180+2"]
[Date "2023.01.03"]
[WhiteClock "0:00:03"]
[BlackClock "0:00:03"]

1. c4 Nf6 2. g3 e6 3. Bg2 d5 4. Nf3 d4 5. O-O c5 6. b4 cxb4 7. a3 bxa3 8. d3 Nc6 9. Nbd2 Be7 10. Bxa3 O-O 11. Bxe7 Qxe7 12. Qb1 e5 13. Qb2 Rb8 14. Qa3 Qxa3 15. Rxa3 Bd7 16. Rb1 b6 17. Ng5 a5 18. Rb2 Nb4 19. Ngf3 Rfe8 20. Ne1 Bc6 21. Nc2 Nxc2 22. Rxc2 Bxg2 23. Kxg2 Nd7 24. Rb3 Nc5 25. Rb5 Re7 26. Rcb2 Reb7 27. f4 f6 28. fxe5 fxe5 29. Nf3 Na4 30. Rc2 Re7 31. Rxe5 Rxe5 32. Nxe5 Re8 33. Nf3 Rd8 34. Kf2 Nc5 35. Rb2 Rd6 36. Rb5 a4 37. Rb2 Kf7 38. Nd2 Ke6 39. Nb1 Rd8 40. Na3 Rf8+ 41. Ke1 Ke5 42. Nb5 Rf6 43. Nc7 Rh6 44. Nd5 Rxh2 45. Rxb6 a3 46. Rb5 a2 47. Ra5 a1=Q+ 48. Rxa1 Rh1+ 49. Kd2 Rxa1 50. Nb4 Rh1 51. e3 dxe3+ 52. Kxe3 Re1+ 53. Kd2 Rg1 54. d4+ Kxd4 55. Nc6+ Kxc4 56. Ne5+ Kd4 57. Nf3+ Ke4 58. Nxg1 Kf5 59. Ke2 Kg4 60. Kf2 Ne4+ 61. Kg2 Nxg3 62. Nf3 Nf5 63. Ne5+ Kf4 64. Nf7 g5 65. Kh3 h5 66. Nd8 g4+ 67. Kg2 Nd4 68. Nf7 h4 69. Nh6 h3+ 70. Kh2 Nf3+ 71. Kh1 g3 0-1


[Site "https://www.chess.com"]

[Event "Titled Tuesday Blitz January 03 Early 2023"]
[White "Bashirli, Saadat"]
[Black "Lauridsen, Jesper Morch"]
[WhiteFideId "13429990"]
[BlackFideId "1401890"]
[WhiteElo "1571"]
[BlackElo "2309"]
[Result "1-0"]
[Round "07"]
[TimeControl "180+2"]
[Date "2023.01.03"]
[WhiteClock "0:00:03"]
[BlackClock "0:00:02"]

1. d4 d5 2. c4 e6 3. Nc3 c5 4. cxd5 exd5 5. Nf3 Nc6 6. g3 c4 7. Bg2 Bb4 8. O-O Nge7 9. Bg5 Be6 10. Qc2 h6 11. Bxe7 Qxe7 12. e4 Bxc3 13. bxc3 O-O 14. exd5 Bxd5 15. Rfe1 Qf6 16. Ne5 Bxg2 17. Kxg2 Nxe5 18. Rxe5 Rfe8 19. Rae1 Rxe5 20. Rxe5 b5 21. Qe4 Rb8 22. Re8+ Rxe8 23. Qxe8+ Kh7 24. Qxb5 Qe6 25. Qb7 f5 26. Qf3 Kg6 27. d5 Qe5 28. h4 Kf6 29. a4 g6 30. a5 Qe4 31. Qxe4 fxe4 32. f3 exf3+ 33. Kxf3 Ke5 34. d6 Kxd6 35. Ke4 Kc5 36. Ke5 Kb5 37. Kf6 Ka4 38. Kxg6 Kb3 39. Kxh6 Kxc3 40. Kg6 Kd2 41. h5 c3 42. h6 c2 43. h7 c1=Q 44. h8=Q Qc2+ 45. Kf7 Qc4+ 46. Ke7 Qc5+ 47. Kd7 Qd5+ 48. Ke7 Qc5+ 49. Ke6 Qxa5 50. Qd4+ Ke2 51. Qe4+ Kf2 52. Qf4+ Kg2 53. g4 Qb6+ 54. Kf7 a5 55. g5 Qb7+ 56. Kf6 Qc6+ 57. Kf7 a4 58. g6 a3 59. g7 Qd7+ 60. Kf8 a2 61. g8=Q+ Kh3 62. Qh6# 1-0


[Site "https://www.chess.com"]

[Event "Titled Tuesday Blitz January 03 Early 2023"]
[White "Gressmann, Moritz"]
[Black "Ivanova, Karina"]
[WhiteFideId "24695084"]
[BlackFideId "24139750"]
[WhiteElo "2129"]
[BlackElo "2085"]
[Result "1-0"]
[Round "07"]
[TimeControl "180+2"]
[Date "2023.01.03"]
[WhiteClock "0:00:32"]
[BlackClock "0:00:15"]

1. Nf3 Nf6 2. c4 c5 3. Nc3 e6 4. g3 b6 5. Bg2 Bb7 6. O-O Be7 7. d3 O-O 8. a3 d6 9. Rb1 Nbd7 10. b4 cxb4 11. axb4 a6 12. h3 Qc7 13. Be3 d5 14. Qb3 dxc4 15. dxc4 Rac8 16. Nd2 Bxg2 17. Kxg2 Ne5 18. Na4 Nxc4 19. Nxc4 Qxc4 20. Nxb6 Qc6+ 21. f3 Rb8 22. Rfc1 Qb5 23. Bc5 Qxe2+ 24. Kg1 Bd8 25. Bxf8 Bxb6+ 26. Bc5 Bc7 27. Bf2 Nd5 28. Rc2 Qb5 29. Rbc1 Rb7 30. Rc5 Qe2 31. Rxd5 exd5 32. Qxd5 Qb5 33. Rxc7 1-0


[Site "https://www.chess.com"]

[Event "Titled Tuesday Blitz January 03 Early 2023"]
[White "Larina, Maria"]
[Black "Wieczorek, Zbigniew"]
[WhiteFideId "24113182"]
[BlackFideId "1102001"]
[WhiteElo "1948"]
[BlackElo "2150"]
[Result "0-1"]
[Round "07"]
[TimeControl "180+2"]
[Date "2023.01.03"]
[WhiteClock "0:00:11"]
[BlackClock "0:00:25"]

1. e4 g6 2. d4 Bg7 3. Nc3 c6 4. Nf3 d5 5. h3 dxe4 6. Nxe4 Bf5 7. Ng3 Be6 8. c3 Bd5 9. Be3 Nd7 10. Be2 e5 11. O-O exd4 12. Nxd4 f5 13. c4 Bf7 14. Ngxf5 gxf5 15. Nxf5 Be5 16. f4 Bc7 17. Ng7+ Kf8 18. Nf5 Ne7 19. Qd4 Rg8 20. Nh6 Bb6 21. Qe4 Nf6 22. Qf3 Rg6 23. Nxf7 Bxe3+ 24. Qxe3 Nf5 25. Qc5+ Kxf7 26. Qxf5 Qb6+ 27. c5 Qxb2 28. Bc4+ Kg7 29. g4 Qd4+ 30. Rf2 Qxa1+ 31. Kh2 Qd4 32. Rc2 Rf8 33. Bb3 Nd5 34. Qd7+ Rf7 35. Qe8 Qxf4+ 36. Kg2 Ne3+ 37. Kh1 Qf3+ 38. Kh2 Nxg4+ 39. hxg4 Rh6+ 0-1


[Site "https://www.chess.com"]

[Event "Titled Tuesday Blitz January 03 Early 2023"]
[White "Thiel, Thomas"]
[Black "Eisa Mohmood, Alkhoori"]
[WhiteFideId "4615964"]
[BlackFideId "9316116"]
[WhiteElo "2234"]
[BlackElo "1095"]
[Result "0-1"]
[Round "07"]
[TimeControl "180+2"]
[Date "2023.01.03"]
[WhiteClock "0:00:27"]
[BlackClock "0:00:05"]

1. e4 c5 2. Nc3 d6 3. f4 g6 4. Nf3 Bg7 5. Bc4 e6 6. O-O Ne7 7. d3 O-O 8. d4 cxd4 9. Nxd4 Nbc6 10. Ndb5 Qb6+ 11. Kh1 d5 12. exd5 exd5 13. Nxd5 Nxd5 14. Qxd5 Be6 15. Qd3 Rfd8 16. Qe2 Bxc4 17. Qxc4 Na5 18. Qa4 Rac8 19. c3 Rc4 20. b4 Nc6 21. Bb2 Rd2 22. Bc1 Re2 23. Qd1 Rce4 24. a4 Nxb4 25. Rb1 Na2 26. Nd6 Qxb1 27. Nxe4 Qxe4 28. Qd8+ Qe8 29. Qd5 Nxc1 0-1


[Site "https://www.chess.com"]

[Event "Titled Tuesday Blitz January 03 Early 2023"]
[White "Ezat, Mohamed"]
[Black "Osiecki, Stanislaw"]
[WhiteFideId "10600906"]
[BlackFideId "1102990"]
[WhiteElo "2402"]
[BlackElo "2055"]
[Result "1-0"]
[Round "07"]
[TimeControl "180+2"]
[Date "2023.01.03"]
[WhiteClock "0:00:25"]
[BlackClock "0:00:12"]

1. d4 Nf6 2. c4 g6 3. Nc3 Bg7 4. e4 d6 5. Be2 O-O 6. Bg5 c5 7. d5 Nbd7 8. Qd2 a6 9. a4 Re8 10. Nf3 Ne5 11. Nxe5 dxe5 12. O-O Bd7 13. Be3 Qc7 14. Rab1 Ng4 15. Bxg4 Bxg4 16. f3 Bd7 17. Qf2 Rec8 18. b3 Qa5 19. Rfc1 f5 20. Qh4 Qd8 21. Bg5 Bf6 22. Rd1 Bxg5 23. Qxg5 e6 24. Qg3 f4 25. Qf2 Qe7 26. dxe6 Bxe6 27. Nd5 Bxd5 28. Rxd5 Rc7 29. Rbd1 Rb8 30. Qb2 Re8 31. Rd6 Rb8 32. R1d5 b5 33. cxb5 axb5 34. a5 Re8 35. a6 Kf7 36. Qc3 c4 37. b4 1-0


[Site "https://www.chess.com"]

[Event "Titled Tuesday Blitz January 03 Early 2023"]
[White "Lakshmi C"]
[Black "Martin Carmona, Gaston Manuel"]
[WhiteFideId "25035347"]
[BlackFideId "22284567"]
[WhiteElo "1928"]
[BlackElo "2333"]
[Result "1-0"]
[Round "07"]
[TimeControl "180+2"]
[Date "2023.01.03"]
[WhiteClock "0:00:22"]
[BlackClock "0:01:49"]

1. Nf3 Nf6 2. g3 g6 3. Bg2 Bg7 4. O-O c5 5. d3 O-O 6. e4 d6 7. h3 Nc6 8. c3 Rb8 9. a4 Bd7 10. Be3 a6 11. Nbd2 b5 12. axb5 axb5 13. d4 cxd4 14. cxd4 Qc8 15. Rc1 Qb7 16. e5 Nd5 17. Ng5 Nxe3 18. fxe3 dxe5 19. d5 Nb4 20. d6 Qb6 21. dxe7 Qxe3+ 22. Kh1 Qxg5 23. exf8=Q+ Rxf8 24. Ne4 Qe7 25. Rc7 Rd8 26. Nc5 Bg4 27. Rxe7 Bxd1 28. Nb7 Rd2 29. Rfxf7 Bf8 30. Rc7 Na6 31. Rcd7 Rxb2 32. Bd5 1-0


[Site "https://www.chess.com"]

[Event "Titled Tuesday Blitz January 03 Early 2023"]
[White "Kuchava, Ana"]
[Black "Gavilan Diaz, Mario"]
[WhiteFideId "13605348"]
[BlackFideId "2260905"]
[WhiteElo "2101"]
[BlackElo "2271"]
[Result "0-1"]
[Round "07"]
[TimeControl "180+2"]
[Date "2023.01.03"]
[WhiteClock "0:00:03"]
[BlackClock "0:00:52"]

1. d4 Nf6 2. Nf3 c5 3. d5 e6 4. c4 exd5 5. cxd5 d6 6. Nc3 g6 7. e4 Bg7 8. Bd3 O-O 9. O-O Bg4 10. a4 Nbd7 11. h3 Bxf3 12. Qxf3 Ne5 13. Qd1 Nxd3 14. Qxd3 Re8 15. Bf4 a6 16. Rfe1 Qe7 17. Bg5 h6 18. Bh4 g5 19. Bg3 Nd7 20. Kh2 Ne5 21. Qc2 Ng6 22. Re2 Rab8 23. a5 b5 24. axb6 Rxb6 25. Qd3 Qb7 26. Na4 Rb3 27. Qc2 Be5 28. Ra2 h5 29. Bxe5 Nxe5 30. Nc3 c4 31. Qd2 f6 32. Re3 h4 33. Ne2 Rb8 34. Rxb3 cxb3 35. Ra3 Nc4 36. Qd4 Nxa3 37. bxa3 Qe7 38. Nc3 b2 39. Nb1 Qe5+ 40. Qxe5 fxe5 41. Kg1 Rc8 0-1


[Site "https://www.chess.com"]

[Event "Titled Tuesday Blitz January 03 Early 2023"]
[White "Hartikainen, Jarmo"]
[Black "Kukula, Pawel"]
[WhiteFideId "503134"]
[BlackFideId "1115081"]
[WhiteElo "2108"]
[BlackElo "2135"]
[Result "0-1"]
[Round "07"]
[TimeControl "180+2"]
[Date "2023.01.03"]
[WhiteClock "0:00:38"]
[BlackClock "0:01:14"]

1. e4 Nc6 2. Nf3 d6 3. b3 Nf6 4. d3 g6 5. Bb2 Bg7 6. Nbd2 O-O 7. h3 a5 8. a4 e5 9. Be2 h6 10. g3 Be6 11. Kf1 d5 12. Kg2 Nh5 13. c4 d4 14. Bc1 f5 15. Nf1 fxe4 16. dxe4 Qd7 17. Ra2 Nf6 18. Bd3 Nh7 19. Nh4 Qf7 20. f4 exf4 21. gxf4 g5 22. Nf5 Bxf5 23. exf5 Nb4 24. Rf2 Nxd3 25. Qxd3 Qxf5 26. Qxf5 Rxf5 27. fxg5 Rxf2+ 28. Kxf2 Rf8+ 29. Ke2 hxg5 30. Rg1 Re8+ 31. Kd3 Bf6 32. Ng3 Kf7 33. Ne4 Re5 34. h4 gxh4 35. Nxf6 Nxf6 36. Kxd4 Re4+ 37. Kd3 h3 38. Rh1 Rh4 39. Bg5 Rh5 40. Bf4 Ke6 41. Bxc7 Kf5 42. Bxa5 Ng4 43. Bc7 Nf2+ 44. Kd4 Nxh1 45. b4 Kg4 46. a5 Ng3 47. a6 bxa6 48. b5 axb5 49. cxb5 Rxb5 50. Kc4 Rb1 51. Bxg3 Kxg3 0-1


[Site "https://www.chess.com"]

[Event "Titled Tuesday Blitz January 03 Early 2023"]
[White "Broca Jimenez, Fernando"]
[Black "Donskov, Anatoly"]
[WhiteFideId "5104742"]
[BlackFideId "24143413"]
[WhiteElo "2075"]
[BlackElo "2279"]
[Result "0-1"]
[Round "07"]
[TimeControl "180+2"]
[Date "2023.01.03"]
[WhiteClock "0:00:02"]
[BlackClock "0:00:08"]

1. e4 c5 2. c3 Nf6 3. e5 Nd5 4. d4 cxd4 5. Nf3 e6 6. Bc4 d6 7. Bxd5 exd5 8. exd6 Bxd6 9. Nxd4 O-O 10. O-O Qh4 11. Nf3 Qh5 12. Be3 Bg4 13. h3 Bxf3 14. Qxf3 Qxf3 15. gxf3 Nc6 16. Nd2 f5 17. Nb3 Ne5 18. Kg2 Rf6 19. f4 Rg6+ 20. Kh1 Nd3 21. Rad1 Nxf4 22. Bxf4 Bxf4 23. Rxd5 Rf6 24. Nd4 g6 25. Re1 Rf7 26. Ne6 Bh6 27. Nd8 Rf8 28. Nxb7 Rab8 29. Rd7 Rf7 30. Ree7 Rxe7 31. Rxe7 Bf8 32. Rd7 Re8 33. Rd2 Rb8 34. Na5 Kf7 35. Nc6 Re8 36. Kg2 Re1 37. Nxa7 g5 38. Nb5 Kf6 39. a4 h5 40. a5 g4 41. hxg4 hxg4 42. f3 Kg5 43. fxg4 Kxg4 44. Nd4 f4 45. a6 Bc5 46. b4 Ba7 47. b5 Rb1 48. c4 Rb4 49. Rc2 Bxd4 50. Ra2 f3+ 51. Kh2 Be5+ 0-1


[Site "https://www.chess.com"]

[Event "Titled Tuesday Blitz January 03 Early 2023"]
[White "Clawitter, Craig"]
[Black "Petrova, Irina"]
[WhiteFideId "2023105"]
[BlackFideId "14124122"]
[WhiteElo "2050"]
[BlackElo "2108"]
[Result "1-0"]
[Round "07"]
[TimeControl "180+2"]
[Date "2023.01.03"]
[WhiteClock "0:00:42"]
[BlackClock "0:02:11"]

1. e4 d6 2. d4 Nf6 3. Nc3 e5 4. Nf3 Nbd7 5. Be3 Be7 6. Qd2 O-O 7. h3 a6 8. O-O-O b5 9. Bd3 Bb7 10. a3 exd4 11. Nxd4 c5 12. Nf5 b4 13. axb4 cxb4 14. Nd5 Bxd5 15. Nxe7+ Qxe7 16. exd5 a5 17. Rhe1 Qd8 18. g4 Ne5 19. Be2 Qb8 20. f4 Ned7 21. g5 Ne4 22. Qd4 Nec5 23. h4 Rc8 24. Kb1 a4 25. h5 a3 26. h6 axb2 27. Qxg7# 1-0


[Site "https://www.chess.com"]

[Event "Titled Tuesday Blitz January 03 Early 2023"]
[White "Vasques, Antonio Pedro Freixial"]
[Black "Palacio,Igor Da Paz"]
[WhiteFideId "1908332"]
[BlackFideId "2121140"]
[WhiteElo "2214"]
[BlackElo "2172"]
[Result "1-0"]
[Round "07"]
[TimeControl "180+2"]
[Date "2023.01.03"]
[WhiteClock "0:01:02"]
[BlackClock "0:00:39"]

1. Nf3 Nf6 2. c4 g6 3. d4 Bg7 4. Nc3 d6 5. e4 O-O 6. Be2 c5 7. O-O Na6 8. Bg5 h6 9. Be3 b6 10. d5 Nc7 11. a4 Kh7 12. Nd2 e6 13. Qc2 e5 14. f4 exf4 15. Bxf4 Ng4 16. Bxg4 Bxg4 17. Rae1 Qe7 18. Qd3 Be5 19. Qg3 Bxf4 20. Qxf4 Bd7 21. e5 dxe5 22. Rxe5 Qd6 23. Nde4 1-0


[Site "https://www.chess.com"]

[Event "Titled Tuesday Blitz January 03 Early 2023"]
[White "Dos Santos, Emmanuel"]
[Black "Martinez, Shawn"]
[WhiteFideId "2103559"]
[BlackFideId "2039770"]
[WhiteElo "2261"]
[BlackElo "1881"]
[Result "0-1"]
[Round "07"]
[TimeControl "180+2"]
[Date "2023.01.03"]
[WhiteClock "0:00:14"]
[BlackClock "0:00:09"]

1. Nf3 g6 2. g3 Bg7 3. Bg2 h6 4. d4 d6 5. c4 e6 6. Nc3 Ne7 7. a3 Nd7 8. O-O O-O 9. Rb1 a6 10. Qc2 Rb8 11. b4 b6 12. h4 Bb7 13. h5 gxh5 14. Bd2 Ng6 15. e4 h4 16. Qc1 Kh7 17. d5 Nde5 18. Ne2 f5 19. exf5 exf5 20. Ned4 Bc8 21. Qc2 Qf6 22. Bh3 f4 23. Bxc8 Rbxc8 24. Nxe5 dxe5 25. Ne6 hxg3 26. fxg3 Rf7 27. gxf4 exf4 28. Nxg7 Rxg7 29. Kf2 Qd4+ 30. Ke1 Re8+ 31. Kd1 Qe5 32. Re1 Qh5+ 33. Kc1 Rge7 34. Rxe7+ Rxe7 35. Kb2 Re2 36. Qd3 Qe5+ 37. Kb3 Qe4 38. Qxe4 Rxe4 39. Rf1 h5 40. Kc3 h4 41. Kd3 Re8 42. c5 Kh6 43. d6 cxd6 44. cxd6 Kh5 45. Bxf4 Kg4 46. Bh2 Rd8 47. Kc4 Kh3 48. Bf4 Kg2 49. Rd1 Nxf4 50. Kd4 h3 51. Ke5 Ng6+ 52. Kf6 Nf4 53. Ke7 Rh8 54. d7 Ng6+ 55. Kf7 Ne5+ 56. Ke6 Nxd7 57. Kxd7 h2 58. Kc6 Rh6+ 59. Kb7 a5 60. bxa5 bxa5 61. a4 h1=Q 62. Rxh1 Kxh1 63. Kc7 Kg2 64. Kb7 Kf3 65. Kc7 Ke4 66. Kb7 Kd4 67. Kc7 Kc4 68. Kb7 Kb4 69. Kc7 Kxa4 0-1


[Site "https://www.chess.com"]

[Event "Titled Tuesday Blitz January 03 Early 2023"]
[White "Pein, Malcolm"]
[Black "Fernandez Hernandez, Gerardo"]
[WhiteFideId "400289"]
[BlackFideId "2207400"]
[WhiteElo "2305"]
[BlackElo "2181"]
[Result "0-1"]
[Round "07"]
[TimeControl "180+2"]
[Date "2023.01.03"]
[WhiteClock "0:02:32"]
[BlackClock "0:02:39"]

1. e4 e6 2. d4 d5 3. Nc3 Nc6 4. Nf3 Nf6 5. e5 Ne4 6. Bd3 Bb4 7. Bd2 Nxd2 8. Qxd2 f6 9. O-O fxe5 10. a3 Bxc3 11. Qxc3 e4 12. Bb5 exf3 0-1


[Site "https://www.chess.com"]

[Event "Titled Tuesday Blitz January 03 Early 2023"]
[White "Hernandez Bonilla, Amelia"]
[Black "Samaganova, Aleksandra"]
[WhiteFideId "3900193"]
[BlackFideId "13800221"]
[WhiteElo "1960"]
[BlackElo "1856"]
[Result "1-0"]
[Round "07"]
[TimeControl "180+2"]
[Date "2023.01.03"]
[WhiteClock "0:00:08"]
[BlackClock "0:00:02"]

1. d4 Nf6 2. Bf4 e6 3. e3 b6 4. Nf3 Bb7 5. Bd3 Be7 6. Nbd2 O-O 7. h4 d5 8. Ne5 Ne4 9. f3 Bxh4+ 10. Ke2 Nf2 11. Qf1 Nxh1 12. Qxh1 f5 13. Qh3 Bg5 14. Rh1 h6 15. g4 Nc6 16. gxf5 Bxf4 17. exf4 Nxd4+ 18. Kd1 Nxf5 19. Rg1 c5 20. Bxf5 Rxf5 21. Qxh6 Qe7 22. Ng6 Qf6 23. Qh8+ Kf7 24. Qh7 Ke8 25. Ne5 1-0


[Site "https://www.chess.com"]